 Dungeon Crawl Stone Soup version 0.24-a0-290-gbb66a672fa (webtiles) character file.

Game seed: 7359624835157316856

14 Redear the Skirmisher (level 2, 0/24 HPs)
             Began as a Demonspawn Chaos Knight on May 8, 2019.
             Was a Plaything of Xom.
             Slain by a quasit (1 damage)
             ... summoned by Xom
             ... on level 1 of the Dungeon.
             The game lasted 00:00:57 (697 turns).

Redear the Skirmisher (Demonspawn Chaos Knight)      Turns: 697, Time: 00:00:58

Health: 0/24       AC:  5    Str: 12      XL:     2   Next: 31%
Magic:  2/2        EV: 11    Int: 13      God:    Xom [.*....]
Gold:   38         SH:  0    Dex:  9 (12) Spells: 1/1 levels left

rFire    . . .     SeeInvis .   d - +0 whip
rCold    . . .     Gourm    .   (no shield)
rNeg     . . .     Faith    .   b - +2 leather armour
rPois    .         Spirit   .   (no helmet)
rElec    .         Reflect  .   (no cloak)
rCorr    .         Harm     .   (no gloves)
MR       .....                  (no boots)
Stlth    ++........             (no amulet)
HPRegen  0.08/turn              (no ring)
MPRegen  0.08/turn              (no ring)

@: no status effects
A: nightstalker 1
a: Renounce Religion


You were on level 1 of the Dungeon.
You worshipped Xom.
You were a plaything of Xom.
You were not hungry.

You visited 1 branch of the dungeon, and saw 1 of its levels.

You collected 38 gold pieces.

Inventory:

Hand Weapons
 a - a +0 hand axe of chaos
 d - a +0 whip (weapon)
Armour
 b - a +2 leather armour (worn)
Scrolls
 M - a scroll of magic mapping
Comestibles
 z - a ration


   Skills:
 + Level 3.2 Fighting
 + Level 2.9 Axes
 + Level 2.0 Armour
 + Level 1.2 Dodging


You had one spell level left.
You didn't know any spells.
Your spell library was empty.

Dungeon Overview and Level Annotations

Branches:
Dungeon (1/15)

Altars:


Innate Abilities, Weirdness & Mutations

You are slightly more attuned to the shadows.


Message History

You closely miss the quasit. The quasit barely misses you.
The quasit claws you.
* * * LOW HITPOINT WARNING * * *
The quasit claws you but does no damage.
You take 2 damage, and have 3/24 hp.
You hit the quasit.
The quasit is lightly wounded.
The quasit bites you but does no damage.
The quasit claws you.
* * * LOW HITPOINT WARNING * * *
The quasit claws you.
* * * LOW HITPOINT WARNING * * *
You take 2 damage, and have 1/24 hp.
You hit the quasit but do no damage.
The quasit is lightly wounded.
The quasit barely misses you.
The quasit claws you but does no damage.
The quasit misses you. The quasit bites you.
You die...
Xom yawns loudly!

******** #..#... ,,,,,,,######
#..###. ******,#....# #......
*,#....# ###.#### *,#....#
#...#... *,#....# #.###.##
######+#....# #.......
#...........##################.##
'.........รท.)).5@................
#...........###############.#####
#...........# ###'#####
#.......).### #........
#.........# #........ #.........#
#........ #.........# #........
#.........# ###'##### #.........#
#.#


You could see a quasit.

Vanquished Creatures
  A dart slug (D:1)
  A leopard gecko (D:1)
  3 goblins (D:1)
  2 hobgoblins (D:1)
  A bat (D:1)
  2 frilled lizards (D:1)
  A rat (D:1)
11 creatures vanquished.

Notes
Turn   | Place    | Note
-------+----------+-------------------------------------------
     0 | D:1      | Redear the Demonspawn Chaos Knight began the quest for the
                  | Orb.
     0 | D:1      | Reached XP level 1. HP: 18/18 MP: 1/1
    24 | D:1      | Reached skill level 1 in Dodging
   192 | D:1      | XOM: harmless Pois miscast
   292 | D:1      | XOM: divination: magic mapping
   397 | D:1      | XOM: butterfly on damage
   399 | D:1      | Reached skill level 2 in Armour
   399 | D:1      | Gained mutation: You are slightly more attuned to the
                  | shadows. [demonic ancestry]
   399 | D:1      | Reached XP level 2. HP: 10/24 MP: 2/2
   665 | D:1      | XOM: summons 1 hostile demon
   682 | D:1      | XOM: smoke on damage
   696 | D:1      | HP: 2/24 [quasit[Xom] (1)]
   697 | D:1      | Slain by a quasit

Levels and vault maps discovered:
D:1:      elethiomel_arrival_quiet, layout_basic, minmay_tetromino_o4

Skill      XL: |  1 |
---------------+----+-----
Dodging        | 1 |  1.2
Armour         | 2 |  2.0
Fighting       | |  3.2
Axes           | |  2.9

Action                   || total
-------------------------++-------
Melee: Hand axe          ||    13
       Whip              ||    39
  Use: Scroll            ||     1
 Stab: Paralysed         ||     1
Armor: Leather armour    ||    46
Dodge: Dodged            ||    53

Table legend:
 A = Non-vault XP
 B = Vault XP
 C = Vault XP percentage of total XP
 D = Non-vault monster count
 E = Vault monster count
 F = Vault count percentage of total count
                 A         B        C        D         E       F
            +---------+---------+-------+---------+---------+-------
      Total |      21 |       0 |   0.0 |      11 |       0 |   0.0
            +---------+---------+-------+---------+---------+-------
        D:1 |      21 |       0 |   0.0 |      11 |       0 |   0.0
            +---------+---------+-------+---------+---------+-------
